cohdb
Replays
Latest Replays
All Replays
Popular Replays
Top Player Replays
Match Explorer
How It Works
Community
CoH3 Stats
Reddit
Sign in to upload your games and track your stats! →
Sign in with Steam
Match 45841477
Unlisted
Match 45841477
Overview
Messages
Build Orders
End
Construct Section Command Post
Selects Heavy Armor Battlegroup
Infantry Section
Infantry Section
Infantry Section
Construct Platoon Command Post
Selects Rigorous Vehicle Training
Selects Forward Repair Assembly
Selects UNKNOWN (2162094)
Humber Armored Car
Humber Armored Car
Construct Company Command Post
Selects Light Vehicle Withdraw and Refit
Selects UNKNOWN (202330)
Churchill IV Heavy Tank
Foot Guards Section
Foot Guards Section
Foot Guards Section
Selects Recon Artillery
Churchill IV Heavy Tank
Recon Artillery
Recon Artillery
Churchill IV Heavy Tank
Unlock M3 Grant Medium Tanks
Recon Artillery
M3 Grant Medium Tank
Recon Artillery
Mattysam
2114751070
DatHit666
Field marshal Prince
Lordhelmchen
お前絶対殺すマン
[38.] GunMa91
GetPluckedNerd
0
0
Comments
sign in to comment!
No comments posted yet!